3AAA
ALASKAN HUMPBACKS @ HIALEAH DODOS
06/26/2027
 
TOP OF THE 1ST
Alaskan Humpbacks batting - Pitching for Hialeah Dodos : RHP Carlos Garza
Pitching: RHP Carlos Garza
Batting: RHB Keith Bane 0-0: Called Strike
0-1: Ball
1-1: Foul Ball, location: 2F
1-2: Strikes out swinging
Batting: RHB Thom Beach 0-0: Ball
1-0: Ball
2-0: Called Strike
2-1: Called Strike
2-2: Ball
3-2: Foul Ball, location: 2F
3-2: SINGLE (Groundball, 25) (infield hit)
Batting: RHB Rob Morse 0-0: Ball
1-0: Foul Ball, location: 2F
1-1: Ball
2-1: Ball
3-1: Foul Ball, location: 2F
3-2: Base on Balls
Thom Beach to second
Batting: RHB Mark Allen 0-0: Called Strike
0-1: Called Strike
0-2: Ball
1-2: Foul Ball, location: 2F
1-2: Ball
2-2: Ball
3-2: Base on Balls
Thom Beach to third
Rob Morse to second
Batting: RHB Sacha Nieuwenburg 0-0: Called Strike
0-1: Called Strike
0-2: Foul Ball, location: 2F
0-2: Ball
1-2: Ball
2-2: Foul Ball, location: 2F
2-2: Ball
3-2: Fly out, F8 (Flyball, 8LD)
Runner from 3rd tags up, SCORES, no throw
Batting: RHB Urs van Munster 0-0: SINGLE (Line Drive, 56)
Rob Morse to third
Mark Allen to second
Runner from 3rd tries for Home, SAFE, no throw
Batting: RHB Néstor Berino 0-0: Foul Ball, location: 2F
0-1: Called Strike
0-2: Foul Ball, location: 2F
0-2: Strikes out swinging
Top of the 1st over - 2 run(s), 2 hit(s), 0 error(s), 2 left on base; Alaskan 2 - Hialeah 0
BOTTOM OF THE 1ST
Hialeah Dodos batting - Pitching for Alaskan Humpbacks : RHP Delano Turnipseed
Pitching: RHP Delano Turnipseed
Batting: RHB Jorge Salgado 0-0: SINGLE (Groundball, 34D)
Batting: LHB Errol Levick 0-0: Ball
1-0: Ball
Jorge Salgado steals 2nd base
2-0: Foul Ball, location: 2F
2-1: Ball
3-1: Called Strike
3-2: Base on Balls
Batting: RHB Vincente Rotham 0-0: Grounds into double play, 4-6-3 (Groundball, 4)
Jorge Salgado to third
Batting: RHB Luis Jelarde 0-0: Ball
1-0: Foul Ball, location: 2F
1-1: SINGLE (Flyball, 89S)
Jorge Salgado scores
Batting: RHB Pablo Trujillo 0-0: Ball
1-0: SINGLE (Groundball, 6MD)
Luis Jelarde to second
Runner from 2nd tries for 3rd, SAFE, throw made to third
Pablo Trujillo to second
Batting: SHB Luis Manuel Flores 0-0: Swinging Strike
0-1: Foul Ball, location: 2F
0-2: Ball
1-2: Foul Ball, location: 2F
1-2: Reached on error, E3 (Groundball, 34)
Luis Jelarde scores
Pablo Trujillo to third
Batting: LHB Curt Wilson 0-0: SINGLE (Groundball, 34D)
Pablo Trujillo scores
Luis Manuel Flores to second
Throwing error, E9
Luis Manuel Flores scores
Curt Wilson to second
Batting: SHB Vincente Ybarra 0-0: Ball
1-0: Fly out, F9 (Flyball, 9LS)
Bottom of the 1st over - 4 run(s), 4 hit(s), 2 error(s), 1 left on base; Alaskan 2 - Hialeah 4
TOP OF THE 2ND
Alaskan Humpbacks batting - Pitching for Hialeah Dodos : RHP Carlos Garza
Batting: LHB Miguel Martínez 0-0: Ball
1-0: Ball
2-0: Ball
3-0: Base on Balls
Batting: RHB Pedro Méndez 0-0: Ball
1-0: Foul Ball, location: 2F
1-1: Ball
2-1: Ball
3-1: Foul Ball, location: 2F
3-2: Fly out, F8 (Flyball, 8RS)
Batting: RHB Keith Bane 0-0: Called Strike
0-1: Swinging Strike
0-2: Ball
1-2: Ball
2-2: Strikes out looking
Batting: RHB Thom Beach 0-0: Called Strike
Pickoff Throw to First - Out!
Top of the 2nd over - 0 run(s), 0 hit(s), 0 error(s), 0 left on base; Alaskan 2 - Hialeah 4
BOTTOM OF THE 2ND
Hialeah Dodos batting - Pitching for Alaskan Humpbacks : RHP Delano Turnipseed
Batting: RHB Robert Emmet Odlum 0-0: Reached on error, E3 (Groundball, 34)
Batting: RHB Jorge Salgado 0-0: Ball
1-0: Ground out U3 (Groundball, 34)
Robert Emmet Odlum to second
Batting: LHB Errol Levick 0-0: Ball
Robert Emmet Odlum steals 3rd base
1-0: Ball
2-0: Ground out U3 (Groundball, 34S)
Robert Emmet Odlum scores
Batting: RHB Vincente Rotham 0-0: Ball
1-0: Called Strike
1-1: Foul Ball, location: 2F
1-2: Foul Ball, location: 2F
1-2: Ball
2-2: SINGLE (Flyball, 4D)
Batting: RHB Luis Jelarde 0-0: Ball
1-0: Called Strike
1-1: Ball
2-1: Called Strike
2-2: Foul Ball, location: 2F
2-2: Ball
3-2: SINGLE (Line Drive, 7S)
Vincente Rotham to second
Vincente Rotham to third
Batting: RHB Pablo Trujillo 0-0: Ball
1-0: Ball
2-0: Ball
3-0: Called Strike
3-1: SINGLE (Groundball, 56D)
Vincente Rotham scores
Luis Jelarde to second
Batting: SHB Luis Manuel Flores 0-0: Ball
1-0: Swinging Strike
1-1: Ball
2-1: Fly out, F9 (Flyball, 89D)
Bottom of the 2nd over - 2 run(s), 3 hit(s), 1 error(s), 2 left on base; Alaskan 2 - Hialeah 6
TOP OF THE 3RD
Alaskan Humpbacks batting - Pitching for Hialeah Dodos : RHP Carlos Garza
Batting: RHB Thom Beach 0-0: TRIPLE (Flyball, 9LM)
Batting: RHB Rob Morse 0-0: Foul Ball, location: 2F
0-1: Called Strike
0-2: Ball
1-2: Foul Ball, location: 2F
1-2: Ball
2-2: Foul Ball, location: 2F
2-2: Foul Ball, location: 2F
2-2: DOUBLE (Line Drive, 8RD)
Thom Beach scores
Batting: RHB Mark Allen 0-0: Called Strike
0-1: Foul Ball, location: 2F
0-2: Ground out 5-3 (Groundball, 5)
Batting: RHB Sacha Nieuwenburg 0-0: Ball
1-0: SINGLE (Line Drive, 9LS)
Rob Morse to third
Runner from 3rd tries for Home, SAFE, throw made home
Batting: RHB Urs van Munster 0-0: Ball
1-0: Fly out, F7 (Flyball, 7LSF)
Batting: RHB Néstor Berino 0-0: Ball
Pickoff Throw to First - Error! E1
Sacha Nieuwenburg to second
1-0: Foul Ball, location: 2F
1-1: Called Strike
1-2: Strikes out swinging
Top of the 3rd over - 2 run(s), 3 hit(s), 1 error(s), 1 left on base; Alaskan 4 - Hialeah 6
BOTTOM OF THE 3RD
Hialeah Dodos batting - Pitching for Alaskan Humpbacks : RHP Delano Turnipseed
Batting: LHB Curt Wilson 0-0: Ball
1-0: Foul Ball, location: 2F
1-1: Fly out, F9 (Flyball, 9)
Batting: SHB Vincente Ybarra 0-0: Swinging Strike
0-1: Ball
1-1: Swinging Strike
1-2: Strikes out looking
Batting: RHB Robert Emmet Odlum 0-0: Called Strike
0-1: SINGLE (Groundball, 4MD)
Batting: RHB Jorge Salgado 0-0: Called Strike
0-1: Ground out 6-3 (Groundball, 6MS)
Bottom of the 3rd over - 0 run(s), 1 hit(s), 0 error(s), 1 left on base; Alaskan 4 - Hialeah 6
TOP OF THE 4TH
Alaskan Humpbacks batting - Pitching for Hialeah Dodos : RHP Carlos Garza
Batting: LHB Miguel Martínez 0-0: Swinging Strike
0-1: Ball
1-1: Foul Ball, location: 2F
1-2: Ground out 4-3 (Groundball, 34)
Batting: RHB Pedro Méndez 0-0: Fly out, F7 (Flyball, 7S)
Batting: RHB Keith Bane 0-0: Swinging Strike
0-1: Swinging Strike
0-2: Ball
1-2: Foul Ball, location: 2F
1-2: Strikes out swinging
Top of the 4th over - 0 run(s), 0 hit(s), 0 error(s), 0 left on base; Alaskan 4 - Hialeah 6
BOTTOM OF THE 4TH
Hialeah Dodos batting - Pitching for Alaskan Humpbacks : RHP Delano Turnipseed
Batting: LHB Errol Levick 0-0: Foul Ball, location: 2F
0-1: Foul Ball, location: 2F
0-2: Foul Ball, location: 2F
0-2: Fly out, F8 (Flyball, 89M)
Batting: RHB Vincente Rotham 0-0: Ball
1-0: Ball
2-0: Called Strike
2-1: SINGLE (Groundball, 56S) (infield hit)
Batting: RHB Luis Jelarde 0-0: Ball
Vincente Rotham steals 2nd base
1-0: Ball
2-0: Called Strike
Vincente Rotham steals 3rd base
2-1: Foul Ball, location: 2F
2-2: DOUBLE (Line Drive, 7LD)
Vincente Rotham scores
Batting: RHB Pablo Trujillo 0-0: Called Strike
0-1: Ball
1-1: SINGLE (Line Drive, 8RS)
Luis Jelarde to third
Runner from 3rd tries for Home, SAFE, throw made home
Pablo Trujillo to second
Pitching: RHP Iván Ledesma Jr.
Batting: SHB Luis Manuel Flores 0-0: Ball
1-0: Ball
2-0: Called Strike
2-1: Ball
3-1: Swinging Strike
3-2: Foul Ball, location: 2F
3-2: Base on Balls
Batting: LHB Curt Wilson 0-0: SINGLE (Groundball, 34D)
Pablo Trujillo to third
Luis Manuel Flores to second
Batting: SHB Vincente Ybarra 0-0: Ball
1-0: Ball
2-0: Ball
3-0: Called Strike
3-1: Base on Balls
Pablo Trujillo scores
Luis Manuel Flores to third
Curt Wilson to second
Batting: RHB Robert Emmet Odlum 0-0: Called Strike
0-1: Ball
1-1: Foul Ball, location: 2F
1-2: Ball
2-2: Fly out, F9 (Line Drive, 9)
Runner from 3rd tags up, SCORES, no throw
Batting: RHB Jorge Salgado 0-0: Ground out 1-3 (Groundball, 13S)
Bottom of the 4th over - 4 run(s), 4 hit(s), 0 error(s), 2 left on base; Alaskan 4 - Hialeah 10
TOP OF THE 5TH
Alaskan Humpbacks batting - Pitching for Hialeah Dodos : RHP Carlos Garza
Batting: RHB Thom Beach 0-0: Fly out, F8 (Flyball, 8RM)
Batting: RHB Rob Morse 0-0: Ground out 1-3 (Groundball, 13)
Batting: RHB Mark Allen 0-0: Called Strike
0-1: Ground out 5-3 (Groundball, 56S)
Top of the 5th over - 0 run(s), 0 hit(s), 0 error(s), 0 left on base; Alaskan 4 - Hialeah 10
BOTTOM OF THE 5TH
Hialeah Dodos batting - Pitching for Alaskan Humpbacks : RHP Iván Ledesma Jr.
Batting: LHB Errol Levick 0-0: Ball
1-0: Foul Ball, location: 2F
1-1: Ball
2-1: Ball
3-1: Base on Balls
Batting: RHB Vincente Rotham 0-0: Called Strike
0-1: Ball
1-1: SINGLE (Line Drive, 56D)
Errol Levick to second
Batting: RHB Luis Jelarde 0-0: Grounds into double play, 5-4-3 (Groundball, 56)
Errol Levick to third
Batting: RHB Pablo Trujillo 0-0: Ball
1-0: Ball
2-0: Called Strike
2-1: SINGLE (Groundball, 3D)
Errol Levick scores
Batting: SHB Luis Manuel Flores 0-0: Ball
1-0: Fly out, F8 (Flyball, 78D)
Bottom of the 5th over - 1 run(s), 2 hit(s), 0 error(s), 1 left on base; Alaskan 4 - Hialeah 11
TOP OF THE 6TH
Alaskan Humpbacks batting - Pitching for Hialeah Dodos : RHP Carlos Garza
Batting: RHB Sacha Nieuwenburg 0-0: Ball
1-0: Called Strike
1-1: Ball
2-1: Called Strike
2-2: Foul Ball, location: 2F
2-2: Ball
3-2: SINGLE (Line Drive, 8LS)
Pitching: LHP Jeff Burrell
Batting: RHB Urs van Munster 0-0: Called Strike
Sacha Nieuwenburg is caught stealing 2nd base
0-1: Swinging Strike
0-2: Ball
1-2: Foul Ball, location: 2F
1-2: Hit by Pitch
Batting: RHB Néstor Berino 0-0: Ball
1-0: Foul Ball, location: 2F
1-1: Ball
2-1: SINGLE (Flyball, 7S)
Urs van Munster to second
Batting: LHB Miguel Martínez 0-0: Called Strike
0-1: Swinging Strike
0-2: Foul Ball, location: 2F
0-2: Strikes out swinging
Batting: RHB Pedro Méndez 0-0: Foul Ball, location: 2F
0-1: Ball
1-1: Ball
2-1: Foul Ball, location: 2F
2-2: Foul Ball, location: 2F
2-2: Ball
3-2: Fly out, F5 (Popup, 5)
Top of the 6th over - 0 run(s), 2 hit(s), 0 error(s), 2 left on base; Alaskan 4 - Hialeah 11
BOTTOM OF THE 6TH
Hialeah Dodos batting - Pitching for Alaskan Humpbacks : RHP Iván Ledesma Jr.
Batting: LHB Curt Wilson 0-0: Ball
1-0: Ball
2-0: Ball
3-0: Base on Balls
Batting: SHB Vincente Ybarra 0-0: Ball
1-0: Ball
2-0: Fielders Choice at 2nd, 6-4 (Groundball, 6M)
Batting: RHB Robert Emmet Odlum 0-0: Foul Ball, location: 2F
0-1: Ball
1-1: Fly out, F9 (Flyball, 89M)
Batting: RHB Jorge Salgado 0-0: Called Strike
0-1: Foul Ball, location: 2F
0-2: Foul Ball, location: 2F
0-2: Fielders Choice at 2nd, 5-4 (Groundball, 5)
Bottom of the 6th over - 0 run(s), 0 hit(s), 0 error(s), 0 left on base; Alaskan 4 - Hialeah 11
TOP OF THE 7TH
Alaskan Humpbacks batting - Pitching for Hialeah Dodos : LHP Jeff Burrell
Batting: RHB Keith Bane 0-0: Called Strike
0-1: Called Strike
0-2: Strikes out swinging
Batting: RHB Thom Beach 0-0: Ball
1-0: Ball
2-0: Called Strike
2-1: Foul Ball, location: 2F
2-2: Foul Ball, location: 2F
2-2: Strikes out swinging
Batting: RHB Rob Morse 0-0: Called Strike
0-1: Ball
1-1: SINGLE (Groundball, 6MD)
Batting: RHB Mark Allen 0-0: Fly out, F8 (Flyball, 8LM)
Top of the 7th over - 0 run(s), 1 hit(s), 0 error(s), 1 left on base; Alaskan 4 - Hialeah 11
BOTTOM OF THE 7TH
Hialeah Dodos batting - Pitching for Alaskan Humpbacks : RHP Iván Ledesma Jr.
Batting: LHB Errol Levick 0-0: Called Strike
0-1: Ball
1-1: Ball
2-1: Called Strike
2-2: Fly out, F8 (Flyball, 78D)
Pitching: LHP Jim Unknown
Batting: RHB Vincente Rotham 0-0: Called Strike
0-1: Ball
1-1: SINGLE (Flyball, 78S)
Batting: RHB Luis Jelarde 0-0: Ball
1-0: 2-RUN HOME RUN (Flyball, 7D), Distance : 392 ft
Batting: RHB Pablo Trujillo 0-0: Ground out 3-1 (Groundball, 34S)
Batting: SHB Luis Manuel Flores 0-0: Ball
1-0: Ball
2-0: Ball
3-0: Called Strike
3-1: SINGLE (Groundball, 4MD)
Batting: LHB Curt Wilson 0-0: Called Strike
Luis Manuel Flores steals 2nd base
0-1: Ball
1-1: Swinging Strike
1-2: Foul Ball, location: 2F
1-2: Ball
2-2: Ball
3-2: SINGLE (Flyball, 8RS)
Luis Manuel Flores to third
Luis Manuel Flores scores
Batting: SHB Vincente Ybarra 0-0: Swinging Strike
0-1: Swinging Strike
0-2: Ball
1-2: Ball
Curt Wilson steals 2nd base
2-2: Foul Ball, location: 2F
2-2: Foul Ball, location: 2F
2-2: Foul Ball, location: 2F
2-2: Ball
3-2: Strikes out looking
Bottom of the 7th over - 3 run(s), 4 hit(s), 0 error(s), 1 left on base; Alaskan 4 - Hialeah 14
TOP OF THE 8TH
Alaskan Humpbacks batting - Pitching for Hialeah Dodos : LHP Jeff Burrell
Batting: RHB Sacha Nieuwenburg 0-0: Ball
1-0: Ball
2-0: Ball
3-0: Called Strike
3-1: SOLO HOME RUN (Flyball, 7D), Distance : 368 ft
Batting: RHB Urs van Munster 0-0: Ball
1-0: Called Strike
1-1: Ball
2-1: Swinging Strike
2-2: Foul Ball, location: 2F
2-2: Strikes out swinging
Batting: RHB Néstor Berino 0-0: Ball
1-0: Ground out 4-3 (Groundball, 4)
Pinch Hitting: RHB Jack Peck 0-0: Swinging Strike
0-1: Ball
1-1: SINGLE (Line Drive, 9S)
Batting: RHB Pedro Méndez 0-0: Foul Ball, location: 2F
0-1: Ball
1-1: Foul Ball, location: 2F
1-2: Ball
2-2: Strikes out swinging
Top of the 8th over - 1 run(s), 2 hit(s), 0 error(s), 1 left on base; Alaskan 5 - Hialeah 14
BOTTOM OF THE 8TH
Hialeah Dodos batting - Pitching for Alaskan Humpbacks : LHP Jim Unknown
Now in RF: Tony Martínez
Batting: RHB Robert Emmet Odlum 0-0: Ball
1-0: Called Strike
1-1: Foul Ball, location: 2F
1-2: Ball
2-2: Ball
3-2: Base on Balls
Batting: RHB Jorge Salgado 0-0: Called Strike
Robert Emmet Odlum is caught stealing 2nd base
0-1: Hit by Pitch
Pinch Runner at 1st Wilson Pérez:
Batting: LHB Errol Levick 0-0: Ball
1-0: Ball
2-0: DOUBLE (Line Drive, 8RXD)
Wilson Pérez to third
Batting: RHB Vincente Rotham 0-0: Called Strike
0-1: Ball
1-1: Ball
2-1: Swinging Strike
2-2: Ball
3-2: Base on Balls
Batting: RHB Luis Jelarde 0-0: Ball
1-0: Grounds into double play, 6-4-3 (Groundball, 6)
Bottom of the 8th over - 0 run(s), 1 hit(s), 0 error(s), 2 left on base; Alaskan 5 - Hialeah 14
TOP OF THE 9TH
Alaskan Humpbacks batting - Pitching for Hialeah Dodos : LHP Jeff Burrell
Now in CF: Wilson Pérez
Batting: RHB Keith Bane 0-0: Ball
1-0: Hit by Pitch
Pitching: LHP Travis Grant
Batting: RHB Thom Beach 0-0: Swinging Strike
0-1: Fielders Choice at 2nd, 5-4 (Groundball, 56)
Batting: RHB Rob Morse 0-0: Ball
1-0: Called Strike
1-1: Ball
2-1: Foul Ball, location: 2F
2-2: Strikes out swinging
Batting: RHB Mark Allen 0-0: Ball
1-0: Fly out, F9 (Flyball, 9)
Top of the 9th over - 0 run(s), 0 hit(s), 0 error(s), 1 left on base; Alaskan 5 - Hialeah 14
Saturday, May 26th, 2018 - OOTP Baseball 17.12 Build 75